 Dungeon Crawl Stone Soup version 0.24-a0-521-g122614bf49 (webtiles) character file.

Game seed: 16409414756428299823

193 Mrkan the Skirmisher (level 5, 0/48 HPs)
             Began as a Hill Orc Abyssal Knight on July 29, 2019.
             Was a Priest of Lugonu.
             Slain by a frilled lizard (1 damage)
             ... on level 3 of the Dungeon.
             The game lasted 00:09:27 (2273 turns).

Mrkan the Skirmisher (Hill Orc Abyssal Knight)      Turns: 2273, Time: 00:09:27

Health: 0/48       AC: 10    Str: 16    XL:     5   Next: 72%
Magic:  8/8        EV:  4    Int: 12    God:    Lugonu [***...]
Gold:   222        SH:  0    Dex: 10    Spells: 4/4 levels left

rFire    . . .     SeeInvis .   d - +2 glaive (venom)
rCold    . . .     Gourm    .   (shield currently unavailable)
rNeg     . . .     Faith    .   k - +0 plate armour
rPois    .         Spirit   .   (no helmet)
rElec    .         Reflect  .   (no cloak)
rCorr    .         Harm     .   (no gloves)
MR       .....                  (no boots)
Stlth    ..........             (no amulet)
HPRegen  0.16/turn              (no ring)
MPRegen  0.11/turn              (no ring)

@: no status effects
A: no striking features
a: Depart the Abyss, Bend Space, Banish, Renounce Religion


You were on level 3 of the Dungeon.
You worshipped Lugonu.
Lugonu was most pleased with you.
You were not hungry.

You visited 1 branch of the dungeon, and saw 3 of its levels.
You visited the Abyss 1 time.

You collected 222 gold pieces.

Inventory:

Hand Weapons
 a - a +1 hand axe
 b - a +0 club
 d - a +2 glaive of venom (weapon)
 n - a +0 hunting sling
 u - a +6 falchion of protection
Missiles
 l - 110 stones (quivered)
Armour
 k - a +0 plate armour (worn)
Scrolls
 e - 2 scrolls of remove curse
 f - a scroll of fog
 g - a scroll of magic mapping {unknown}
 h - a scroll of fear {unknown}
 i - a scroll of identify {unknown}
 m - a scroll of immolation {unknown}
 p - a scroll of teleportation {unknown}
 q - 2 scrolls of enchant armour {unknown}
 t - a scroll of enchant weapon {unknown}
Potions
 j - a potion of curing {unknown}
 o - a potion of might {unknown}
 r - a potion of heal wounds {unknown}
Comestibles
 c - 2 rations
 s - 8 chunks of flesh


   Skills:
 + Level 5.2 Fighting
 - Level 2.6(3.7) Axes
 + Level 3.1(3.5) Polearms
 - Level 2.1 Armour
 - Level 0.7 Dodging
 + Level 4.7 Invocations


You had 4 spell levels left.
You didn't know any spells.
Your spell library was empty.

Dungeon Overview and Level Annotations

Branches:
Dungeon (3/15)

Altars:
Ru
Trog


Message History

You barely miss the frilled lizard.
You feel sick. The frilled lizard barely misses you.
You closely miss the frilled lizard.
The frilled lizard bites you but does no damage. x2
Your plate armour prevents you from hitting the frilled lizard.
The frilled lizard barely misses you.
You closely miss the frilled lizard.
You feel sick. The frilled lizard bites you.
* * * LOW HITPOINT WARNING * * *
The frilled lizard bites you but does no damage.
You miss the frilled lizard. The frilled lizard barely misses you.
The frilled lizard bites you but does no damage.
Your plate armour prevents you from hitting the frilled lizard.
The frilled lizard bites you but does no damage.
You closely miss the frilled lizard.
* * * LOW HITPOINT WARNING * * *
You feel sick.
You are no longer poisoned.
The frilled lizard bites you.
You die...

.# # .# ###.#
.################....
.#..รท...............#
...###....((.)##.#.#
..## #...(..#.#..#.###
..# #......#..).....###
#.# #((................
..# #..........@.....#
...............l))....#
#...##................#
.... .......#.........#
#. ......###.........#
. .###.#.# #.........#
..... ....####....
....#.### ....


You could see a frilled lizard.

Vanquished Creatures
  Terence (D:3)
  Robin (D:2)
  5 adders (D:2)
  2 oozes
  2 leopard geckos
  5 orcs
  6 hobgoblins
  13 jackals
  2 quokkas (D:2)
  19 bats
  2 frilled lizards
  18 goblins
  6 kobolds
  13 rats
95 creatures vanquished.

Notes
Turn   | Place    | Note
-------+----------+-------------------------------------------
     0 | Abyss:1  | Mrkan the Hill Orc Abyssal Knight began the quest for the
                  | Orb.
     0 | Abyss:1  | Reached XP level 1. HP: 19/19 MP: 2/2
    43 | Abyss:2  | Noticed a shadow dragon skeleton
    50 | D:1      | Escaped the Abyss
    88 | D:1      | Reached * piety under Lugonu
    90 | D:1      | Reached XP level 2. HP: 4/27 MP: 4/4
   159 | D:1      | Reached skill level 1 in Polearms
   162 | D:1      | Reached skill level 4 in Fighting
   329 | D:1      | Reached XP level 3. HP: 14/33 MP: 5/5
   942 | D:2      | Reached ** piety under Lugonu
   974 | D:2      | Found a sacrificial altar of Ru.
  1097 | D:2      | Reached XP level 4. HP: 7/41 MP: 6/6
  1278 | D:2      | Noticed Robin
  1366 | D:2      | Killed Robin
  1658 | D:2      | Reached XP level 5. HP: 37/47 MP: 8/8
  1881 | D:2      | Reached *** piety under Lugonu
  1881 | D:2      | Reached skill level 5 in Fighting
  2008 | D:2      | Found a bloodstained altar of Trog.
  2170 | D:3      | Noticed Terence
  2177 | D:3      | Killed Terence
  2270 | D:3      | HP: 2/48 [frilled lizard (2)]
  2273 | D:3      | Slain by a frilled lizard

Levels and vault maps discovered:
D:1:      nzn_arrival_crosshair, layout_loops_corners
D:2:      kb_forest_paths, layout_basic, nicolae_overflow_crystal_walls,
          lemuel_crystal_altar, minmay_puff, uniq_robin
D:3:      layout_rooms, uniq_crazy_yiuf_cottage, uniq_terence

Skill      XL: |  1  2  3  4  5 |
---------------+----------------+-----
Polearms       | 1 2 3 |  3.1
Fighting       | 4 5 |  5.2
Invocations    | 3 4 |  4.7
Axes           | |  2.6
Armour         | |  2.1
Dodging        | |  0.7

Action                   |  1- 3 |  4- 6 || total
-------------------------+-------+-------++-------
Melee: Glaive            |   122 |   197 ||   319
Invok: Depart the Abyss  |     1 |       ||     1
  Use: Potion            |     1 |       ||     1
       Scroll            |       |     2 ||     2
  Eat: Chunk             |     1 |     2 ||     3
       Ration            |       |     1 ||     1
Armor: Leather armour    |    27 |       ||    27
       Plate armour      |    89 |   323 ||   412
Dodge: Dodged            |    71 |   109 ||   180

Table legend:
 A = Non-vault XP
 B = Vault XP
 C = Vault XP percentage of total XP
 D = Non-vault monster count
 E = Vault monster count
 F = Vault count percentage of total count
                 A         B        C        D         E       F
            +---------+---------+-------+---------+---------+-------
      Total |     177 |      99 |  35.9 |      72 |      23 |  24.2
            +---------+---------+-------+---------+---------+-------
        D:1 |      57 |       0 |   0.0 |      33 |       0 |   0.0
        D:2 |      95 |      63 |  39.9 |      27 |      22 |  44.9
        D:3 |      25 |      36 |  59.0 |      12 |       1 |   7.7
            +---------+---------+-------+---------+---------+-------
